 Dungeon Crawl Stone Soup version 0.29.1-15-g9cfb28693d (webtiles) character file.

Game seed: 6227305491867592262

66 Barriton the Conjurer (level 3, -2/26 HPs)
             Began as a Draconian Conjurer on May 1, 2023.
             Slain by an orc
             ... wielding a +0 club
              (3 damage)
             ... on level 3 of the Dungeon.
             The game lasted 00:03:23 (2107 turns).

Barriton the Conjurer (Draconian Conjurer)          Turns: 2107, Time: 00:03:24

Health: -2/26      AC:  5    Str: 15    XL:     3   Next: 96%
Magic:  1/6        EV: 12    Int: 20    God:
Gold:   131        SH:  0    Dex:  9    Spells: 5/7 levels left

rFire   . . .      SeeInvis .   i - staff of air
rCold   . . .      Faith    .   (no shield)
rNeg    . . .      Spirit   .   (body armour unavailable)
rPois   .          Reflect  .   (helmet restricted)
rElec   +          Harm     .   (no cloak)
rCorr   .          Rampage  .   (no gloves)
Will    .....                   (no boots)
Stlth   ++........              (no amulet)
HPRegen 0.08/turn               d - +6 ring of strength
MPRegen 0.10/turn               (no ring)

@: no status effects
A: AC +5, unfitting armour, cold-blooded
a: no special abilities


You were on level 3 of the Dungeon.
You visited 1 branch of the dungeon, and saw 3 of its levels.

You collected 131 gold pieces.

Inventory:

Hand Weapons
 f - a +0 long sword
Magical Staves
 i - a staff of air (weapon)
Jewellery
 d - a +6 ring of strength (left hand)
Wands
 k - a wand of flame (15)
Scrolls
 g - a scroll of teleportation
 l - 4 scrolls of identify
Potions
 a - a potion of magic
 b - 2 potions of curing
 c - a potion of heal wounds {unknown}
 e - a potion of cancellation {unknown}
 h - a potion of lignification {unknown}
 j - a potion of invisibility {unknown}


   Skills:
 + Level 1.9 Dodging
 + Level 2.1 Stealth
 + Level 0.1 Unarmed Combat
 + Level 2.5 Spellcasting
 + Level 5.0 Conjurations


You had 5 spell levels left.
You knew the following spells:

 Your Spells              Type           Power      Damage    Failure   Level
a - Magic Dart            Conj           88%        1d7       1%          1
b - Shock                 Conj/Air       72%        1d7       5%          1

Your spell library contained the following spells:

 Spells                   Type           Power      Damage    Failure   Level
 Searing Ray              Conj           44%        2d6       2%          2
 Apportation              Tloc           4%         N/A       16%         1
 Dazzling Flash           Conj/Hex       24%        N/A       16%         3
 Swiftness                Air            3%         N/A       41%         3
 Fulminant Prism          Conj/Hex       6%         3d7       47%         4
 Iskenderun's Mystic Bla  Conj/Tloc      12%        2d5       47%         4
 Airstrike                Air            1%         2d(1-17)  83%         4
 Alistair's Intoxication  Tmut/Pois      1%         N/A       99%         5


Dungeon Overview and Level Annotations

Branches:
Dungeon (3/15)

Altars:
Fedhas


Innate Abilities, Weirdness & Mutations

Your plain brown scales are hard. (AC +5)
You cannot fit into any form of body armour.
You are cold-blooded and may be slowed by cold attacks.


Message History

The orc barely misses you.
You hit the orc but do no damage.
You tail-slap the orc, but do no damage.
The orc is heavily wounded.
The orc barely misses you. The orc hits you but does no damage.
Casting: Magic Dart (safe; 1% risk of failure)
Confirm with . or Enter, or press ? or * to list all spells.
Aiming: Magic Dart (safe; 1% risk of failure)
Press: ? - help, Shift-Dir - straight line, f/p - orc
Aim: an orc, wielding a +0 club and wearing a +0 leather armour (heavily wounded, 100% to hit)
The magic dart hits the orc.
The orc is severely wounded.
The orc misses you.
Casting: Magic Dart (safe; 1% risk of failure)
Confirm with . or Enter, or press ? or * to list all spells.
Aiming: Magic Dart (safe; 1% risk of failure)
Press: ? - help, Shift-Dir - straight line, f/p - orc
Aim: an orc, wielding a +0 club and wearing a +0 leather armour (severely wounded, 100% to hit)
The magic dart hits the orc.
The orc is almost dead.
The orc hits you with a +0 club.
* * * LOW HITPOINT WARNING * * *
You barely miss the orc.
The orc is severely wounded.
The orc closely misses you.
You barely miss the orc. You tail-slap the orc.
The orc is almost dead.
The orc hits you but does no damage.
You hit the orc but do no damage.
You tail-slap the orc, but do no damage.
The orc is almost dead.
The orc closely misses you.
You barely miss the orc.
The orc is almost dead.
The orc hits you with a +0 club.
* * * LOW HITPOINT WARNING * * *
You hit the orc but do no damage.
The orc is almost dead.
The orc hits you with a +0 club.
You die...

#..#.#...#†# #...#..#
#....##.##...###...##
..#..#..#..#...###.#
)...##.##.# #...#.#
##..#..#.. #...#
.####.##.# ##.##
...#..#..# #..#
##...##.## ##)##
###.....### #o@#
#####...####.## .
###...#..# ###...##
###.# #.# ... ####


You could see an orc.

Vanquished Creatures
  2 adders
  A dart slug (D:2)
  4 orcs (D:3)
  4 endoplasms
  3 giant cockroaches
  4 goblins
  2 hobgoblins
  4 jackals (D:1)
  5 kobolds
  A quokka (D:2)
  5 ball pythons
  A bat (D:3)
  A rat (D:1)
37 creatures vanquished.

Notes
Turn   | Place    | Note
-------+----------+-------------------------------------------
     0 | D:1      | Barriton the Draconian Conjurer began the quest for the
                  | Orb.
     0 | D:1      | Reached XP level 1. HP: 14/14 MP: 3/3
   219 | D:1      | Reached XP level 2. HP: 20/20 MP: 0/5
  1041 | D:2      | Found a faded altar of an unknown god.
  1055 | D:2      | Found a blossoming altar of Fedhas.
  1099 | D:2      | Reached XP level 3. HP: 24/26 MP: 1/6
  1763 | D:2      | Identified a scroll of acquirement
  1763 | D:2      | Acquired a staff of air
  1768 | D:2      | Learned a level 1 spell: Shock
  1982 | D:3      | Reached skill level 5 in Conjurations
  2106 | D:3      | HP: 1/26 [orc/+0 club (2)]
  2107 | D:3      | Slain by an orc

Illustrated notes

Levels and vault maps discovered:
D:1:      heliophobic_arrival_battle_scene, layout_basic, minmay_tetromino_i4
D:2:      layout_basic, hellmonk_ecumenical_altar_leap_of_faith, basic_altar,
          kennysheep_doodads
D:3:      minmay_skewed_foursquare, layout_basic, grunt_ministairs_12

Skill      XL: |  1  2  3 |
---------------+----------+-----
Stealth        | 2 |  2.1
Conjurations   | 5 |  5.0
Dodging        | |  1.9
Unarmed Combat | |  0.1
Spellcasting   | |  2.5

Action                   || total
-------------------------++-------
Melee: Unarmed           ||    13
       Long sword        ||     6
       Tailslap          ||     4
       Staff             ||    20
 Cast: Magic Dart        ||    56
       Shock             ||    16
  Use: Scroll            ||     5
       Potion            ||     3
Armor: Skin              ||    13
Dodge: Dodged            ||    38
